 Dungeon Crawl Stone Soup version 0.30.1-4-g462c640d31 (webtiles) character file.

Game seed: 12774661449483207675

58 rvierbuc the Slasher (level 3, -2/27 HPs)
             Began as a Demonspawn Gladiator on Aug 24, 2023.
             Slain by a cerulean imp
             ... wielding a +2 spear
             ... summoned by Natasha
              (4 damage)
             ... on level 1 of the Dungeon.
             The game lasted 00:02:46 (899 turns).

rvierbuc the Slasher (Demonspawn Gladiator)          Turns: 899, Time: 00:02:47

Health: -2/27      AC:  5    Str: 14    XL:     3   Next: 75%
Magic:  3/3        EV: 13    Int:  9    God:
Gold:   32         SH:  0    Dex: 16    Spells: 2/2 levels left

rFire   . . .        a - +0 long sword
rCold   . . .        (no shield)
rNeg    . . .        b - +0 leather armour
rPois   .            (helmet restricted)
rElec   .            (no cloak)
rCorr   .            (no gloves)
SInv    .            (no boots)
Will    .....        (no amulet)
Stlth   +            (no ring)
HPRegen 0.24/turn    (no ring)
MPRegen 0.08/turn

%: no passive effects
@: no status effects
A: horns 1, icy blue scales 1
a: no special abilities


You were on level 1 of the Dungeon.
You visited 1 branch of the dungeon, and saw 2 of its levels.

You collected 32 gold pieces.

Inventory:

Hand Weapons
 a - a +0 long sword (weapon)
Missiles
 d - 3 throwing nets (quivered)
 e - a javelin
Armour
 b - a +0 leather armour (worn)
 c - a +0 helmet
Scrolls
 f - 2 scrolls of identify {unknown}
Potions
 g - a potion of curing {unknown}


   Skills:
 + Level 2.2 Fighting
 + Level 3.4 Long Blades
 + Level 1.8 Throwing
 + Level 0.8 Armour
 + Level 3.3 Dodging


You had 2 spell levels left.
You didn't know any spells.
Your spell library contained the following spells:

 Spells                   Type           Power      Damage    Failure   Level
 Poisonous Vapours        Pois/Air       0%         N/A       58%         2
 Mephitic Cloud           Conj/Pois/Air  0%         N/A       83%         3
 Freezing Cloud           Conj/Ice/Air   0%         6-21      100%        5


Dungeon Overview and Level Annotations

Branches:
Dungeon (2/15)

Altars:

Shops:
D:1 [

Annotations:
D:1 Natasha


Innate Abilities, Weirdness & Mutations

You have a pair of small horns on your head.
You are partially covered in icy blue scales. (AC +2)


Message History

You climb upwards.
The cerulean imp disappears in a puff of smoke!
There is a stone staircase leading down here.
You completely miss Natasha. You headbutt Natasha.
Natasha is lightly wounded.
Natasha claws you.
You barely miss Natasha. Your headbutt misses Natasha.
Natasha is lightly wounded.
Natasha casts a spell.
You barely miss Natasha.
Natasha is lightly wounded.
Natasha stares at you and mumbles some strange words.
The magic dart hits you. The cerulean imp closely misses you.
Natasha casts a spell.
You closely miss Natasha.
Natasha is lightly wounded.
The cerulean imp hits you from afar with a +2 spear!
* * * LOW HITPOINT WARNING * * *
Natasha barely misses you.
The cerulean imp hits you from afar with a +1 spear.
* * * LOW HITPOINT WARNING * * *
You barely miss Natasha.
Natasha is lightly wounded.
The cerulean imp hits you from afar with a +2 spear.
* * * LOW HITPOINT WARNING * * *
Natasha barely misses you.
The cerulean imp hits you but does no damage.
Okay, then.
You closely miss Natasha.
Natasha is lightly wounded.
The cerulean imp barely misses you. Natasha closely misses you.
The cerulean imp misses you.
You hit Natasha. Your headbutt misses Natasha.
Natasha is moderately wounded.
The cerulean imp hits you but does no damage.
Natasha closely misses you.
The cerulean imp hits you from afar with a +1 spear.
* * * LOW HITPOINT WARNING * * *
The cerulean imp hits you from afar with a +2 spear.
You die...

#.# #.# #.# #.# #.# #.# ###
#.# ..####.###########
..............5.@#
..##############h# ..#
##.........5.##########
..###...#######..##.....†.#
............###.....)..##.#
.....###........#.#.#..##.#
###..#:#....###.......###.#
# ##.###........#.#.#.###.#
## #......#####...........#


You could see Natasha and 2 cerulean imps.

Vanquished Creatures
  Natasha (D:2)
  A dart slug (D:1)
  A ball python (D:1)
  4 bats (D:1)
  3 endoplasms (D:1)
  A giant cockroach (D:1)
  3 goblins
  A hobgoblin (D:1)
  4 jackals (D:1)
  A frilled lizard (D:1)
  4 kobolds (D:1)
  3 rats (D:1)
27 creatures vanquished.

Notes
Turn   | Place    | Note
-------+----------+-------------------------------------------
     0 | D:1      | rvierbuc the Demonspawn Gladiator began the quest for the
                  | Orb.
     0 | D:1      | Reached XP level 1. HP: 16/16 MP: 1/1
   115 | D:1      | Found Gerasos's Armour Emporium.
   201 | D:1      | Gained mutation: You are partially covered in icy blue
                  | scales. (AC +2) [demonic ancestry]
   201 | D:1      | Reached XP level 2. HP: 11/22 MP: 2/2
   587 | D:1      | Gained mutation: You have a pair of small horns on your
                  | head. [demonic ancestry]
   587 | D:1      | Reached XP level 3. HP: 26/27 MP: 3/3
   790 | D:2      | Noticed Natasha
   798 | D:2      | Killed Natasha
   864 | D:2      | Noticed Natasha
   899 | D:1      | Slain by a cerulean imp

Illustrated notes

Levels and vault maps discovered:
D:1:      minmay_arrival_diagonal_passages, layout_basic, serial_shops,
          nicolae_lakefront_shop, serial_glass, glass_columns_b,
          glass_columns_a, feat_on_display, item_on_display_a,
          item_on_display_b, feat_on_display
D:2:      minmay_alternating_diamond, layout_basic,
          corexii_item_surrounded_by_moat, uniq_jessica, uniq_robin,
          uniq_natasha

Skill      XL: |  1  2 |
---------------+-------+-----
Dodging        | 3 |  3.3
Long Blades    | 3 |  3.4
Fighting       | |  2.2
Throwing       | |  1.8
Armour         | |  0.8

Action                     || total
---------------------------++-------
  Melee: Long sword        ||    77
         Punch             ||     1
         Headbutt          ||     2
 Armour: Leather armour    ||    43
  Dodge: Dodged            ||    64
